 Dungeon Crawl Stone Soup version 0.26-a0-682-g294304f6e8 (webtiles) character file.

Game seed: 14040497621240917448

(classic levelgen) 14 EnegeticOcto the Stinger (level 2, -8/17 HPs)
             Began as a Halfling Venom Mage on Oct 21, 2020.
             Mangled by a worm (9 damage)
             ... on level 2 of the Dungeon.
             The game lasted 00:02:52 (231 turns).

EnegeticOcto the Stinger (Halfling Venom Mage)       Turns: 231, Time: 00:02:53

Health: -8/17      AC:  2    Str:  9    XL:     2   Next: 55%
Magic:  1/4        EV: 15    Int: 13    God:
Gold:   11         SH:  0    Dex: 14    Spells: 1/4 levels left

rFire    . . .     SeeInvis .   b - +0 dagger
rCold    . . .     Faith    .   (shield restricted)
rNeg     . . .     Spirit   .   a - +0 robe
rPois    .         Reflect  .   (no helmet)
rElec    .         Harm     .   (no cloak)
rCorr    .         Rampage  .   (no gloves)
MR       .....                  (no boots)
Stlth    ++........             (no amulet)
HPRegen  0.05/turn              (no ring)
MPRegen  0.09/turn              (no ring)

@: no status effects
A: small, mutation resistance 1
a: no special abilities


You were on level 2 of the Dungeon.
You visited 1 branch of the dungeon, and saw 2 of its levels.

You collected 11 gold pieces.

Inventory:

Hand Weapons
 b - a +0 dagger (weapon)
Armour
 a - a +0 robe (worn)
Scrolls
 c - a scroll of identify {unknown}
Potions
 d - 2 potions of lignification {unknown}


   Skills:
 - Level 2.1 Dodging
 - Level 2.1 Stealth
 - Level 1.5 Spellcasting
 - Level 0.5 Transmutations
 + Level 0.6 Air Magic
 + Level 3.6 Poison Magic


You had one spell level left.
You knew the following spells:

 Your Spells              Type           Power        Failure   Level
a - Sting                 Tmut/Pois      #...         12%         1
b - Poisonous Vapours     Pois/Air       #.....       17%         2

Your spell library contained the following spells:

 Spells                   Type           Power        Failure   Level
 Ignite Poison            Fire/Tmut/Pois #.......     41%         3
 Mephitic Cloud           Conj/Pois/Air  #.......     41%         3
 Olgreb's Toxic Radiance  Pois           ##......     52%         4


Dungeon Overview and Level Annotations

Branches:
Dungeon (2/15)

Altars:
Makhleb

Annotations:
D:2 Sigmund


Innate Abilities, Weirdness & Mutations

You are small and have problems with some larger weapons.
You are somewhat resistant to further mutation.


Message History

Nothing appears to happen.
The goblin hits you but does no damage.
Casting: Sting (safe; 12% risk of failure)
Confirm with . or Enter, or press ? or * to list all spells.
Aiming: Sting (safe; 12% risk of failure)
Press: ? - help, Shift-Dir - straight line, f/p - goblin
Aim: a goblin, wielding a +0 club The sting hits the goblin.
The goblin is poisoned.
The goblin is heavily wounded.
You kill the goblin!
Sigmund the Dreaded comes into view.
He is wielding a +0 scythe and carrying a wand of flame (20).
Found a stone staircase leading up.
Your magical contamination has completely faded away.
You see here a dagger.
An adder comes into view.
The adder hisses angrily.
The adder moves out of view.
A hobgoblin comes into view. It is wielding a +0 club.
The hobgoblin shouts!
The hobgoblin throws a stone.
The stone hits you.
Things that are here:
a stone; a dagger The hobgoblin throws a stone.
The stone barely misses you.
A kobold comes into view.
An adder comes into view.
The hobgoblin throws a stone.
The stone hits you.
The kobold throws a stone.
The stone barely misses you.
You see here 2 stones.
The hobgoblin throws a stone.
The stone completely misses you.
The stone hits the adder but does no damage.
A hobgoblin comes into view.
The adder barely misses you. The kobold closely misses you.
The hobgoblin throws a stone.
The stone misses you. The kobold barely misses you.
You see here a stone.
The hobgoblin shouts!
The adder hisses angrily.
The adder barely misses you.
The hobgoblin hits you but does no damage.
The hobgoblin completely misses you.
Casting: Sting (safe; 12% risk of failure)
Confirm with . or Enter, or press ? or * to list all spells.
Aiming: Poisonous Vapours (safe; 17% risk of failure)
Press: ? - help, Dir - move target cursor, f - adder
Aim: an adder Poisonous vapours surround the adder!
The adder is engulfed in poison gas.
The adder is poisoned.
The adder barely misses you.
You hit the adder but do no damage.
The adder is moderately wounded.
The adder misses you.
You barely miss the adder.
The adder is moderately wounded.
The adder misses you.
A kobold comes into view.
The adder closely misses you.
You miss the adder.
The adder is moderately wounded.
The adder barely misses you.
You barely miss the adder.
The adder is heavily wounded.
The adder misses you.
You closely miss the adder.
The adder is heavily wounded.
The adder barely misses you. The adder bites you.
You are poisoned.
The adder poisons you!
You feel sick.
The adder looks more healthy.
Casting: Poisonous Vapours (safe; 17% risk of failure)
Confirm with . or Enter, or press ? or * to list all spells.
Aiming: Sting (safe; 12% risk of failure)
Press: ? - help, Shift-Dir - straight line, f/p - adder
Aim: an adder (moderately wounded)
The sting misses the adder.
The adder bites you.
You feel sick. The adder misses you. The adder bites you but does no damage.
You feel sick.
A worm comes into view.
The adder barely misses you.
A jackal comes into view.
You feel sick.
You hit the worm.
The worm is lightly wounded.
The adder bites you.
* * * LOW HITPOINT WARNING * * *
The adder completely misses you.
You hit the worm.
The worm is lightly wounded.
The jackal barks!
You hear a shout!
A jackal comes into view.
The adder misses you. The worm completely misses you.
The jackal barks!
You hit the worm.
The worm is lightly wounded.
* * * LOW HITPOINT WARNING * * *
You feel sick.
You are no longer poisoned.
You hear a bark!
The adder barely misses you.
A jackal comes into view.
The worm bites you!
Ouch! That really hurt!
You die...

# #....##..........
####.......#####...#
.(.....#...... #.
K..#...####### ..K#...#
...#..<#
...#############
......K..g.K.Kg#######h.
..g###########SS@w.h....
...# ##########. ####


You could see a worm, 2 adders, 2 jackals, 2 hobgoblins and 2 kobolds.

Vanquished Creatures
  A dart slug (D:1)
  A bat (D:2)
  2 goblins
  2 hobgoblins
  A kobold (D:2)
  A frilled lizard (D:2)
  3 rats
11 creatures vanquished.

Notes
Turn   | Place    | Note
-------+----------+-------------------------------------------
     0 | D:1      | EnegeticOcto the Halfling Venom Mage began the quest for
                  | the Orb.
     0 | D:1      | Reached XP level 1. HP: 11/11 MP: 3/3
    67 | D:1      | Reached XP level 2. HP: 10/17 MP: 0/4
    73 | D:1      | Learned a level 2 spell: Poisonous Vapours
   123 | D:2      | Found a burning altar of Makhleb.
   184 | D:2      | Noticed Sigmund
   231 | D:2      | Mangled by a worm

Illustrated notes

Levels and vault maps discovered:
D:1:      dpeg_arrival_orchard, layout_basic
D:2:      layout_rooms, bloody_makhleb, uniq_sigmund

Action                   || total
-------------------------++-------
Melee: Unarmed           ||     2
       Dagger            ||     9
 Cast: Sting             ||    15
       Poisonous Vapours ||     1
Armor: Robe              ||     3
Dodge: Dodged            ||    34

Table legend: (Time is in decaauts)
 A = Elapsed time spent in this place.
 B = Non-inter-level travel time spent in this place.
 C = Inter-level travel time spent in this place.
 D = Time resting spent in this place.
 E = Time spent auto-exploring this place.
 F = Levels seen in this place.
 G = Mean time per level.
                   A        B        C        D        E       F      G
               +--------+--------+--------+--------+--------+-----+--------+
         Total |    231 |    203 |     28 |      0 |      0 |   2 |  115.5 |
       Dungeon |    231 |    203 |     28 |      0 |      0 |   2 |  115.5 |
               +--------+--------+--------+--------+--------+-----+--------+

Top non-repeatable levels by time:
     D:2: 126 daAuts
     D:1: 105 daAuts
